 Dungeon Crawl Stone Soup version 0.18-a0-1666-g3ea6f2b (webtiles) character file.

88 Proxyma the Ruffian (level 4, 0/40 HPs)
             Began as a Minotaur Monk on Mar 31, 2016.
             Shot with an arrow by a centaur (15 damage)
             ... on level 3 of the Dungeon.
             The game lasted 00:14:12 (2179 turns).

Proxyma the Ruffian (Minotaur Monk)                 Turns: 2179, Time: 00:14:13

Health: 0/40       AC:  5    Str: 16    XL:     4   Next: 29%
Magic:  12/12      EV: 12    Int:  7    God:
Gold:   58         SH:  0    Dex: 13    Spells: 0 memorised, 3 levels left

rFire  . . .     SeeInvis .       - Unarmed
rCold  . . .     Gourm    .     j - +0 ring mail
rNeg   . . .     Faith    .     (no shield)
rPois  .         Spirit   .     (helmet restricted)
rElec  .         Dismiss  .     (no cloak)
rCorr  .         Reflect  .     (no gloves)
SustAt .         Harm     .     (no boots)
MR     .....                    m - amulet of inaccuracy (curse)
Stlth  +.........               (no ring)
                                l - ring of magical power

@: not resistant to hostile enchantments, very unstealthy
A: retaliatory headbutt, horns 2
a: no special abilities


You were on level 3 of the Dungeon.
You were not hungry.

You visited 1 branch of the dungeon, and saw 3 of its levels.

You collected 58 gold pieces.

Inventory:

Hand Weapons
 e - a +0 hand axe
 g - a +0 spear
Armour
 a - a +0 robe
 j - a +0 ring mail (worn)
Jewellery
 l - a ring of magical power (left hand)
 m - a cursed amulet of inaccuracy (around neck)
Scrolls
 h - a scroll of recharging
 s - a scroll of amnesia {unknown}
 t - a scroll of enchant weapon {unknown}
Potions
 c - a potion of heal wounds {unknown}
 d - a potion of berserk rage {unknown}
 i - a potion of lignification {unknown}
 k - a potion of invisibility {unknown}
 o - a potion of degeneration {unknown}
 q - a potion of resistance {unknown}
 r - a potion of cancellation {unknown}
Comestibles
 b - 4 bread rations
 f - a beef jerky
 n - a meat ration
 p - 3 slices of pizza


   Skills:
 + Level 4.1 Fighting
 + Level 1.3 Armour
 + Level 4.0 Dodging
 + Level 1.6 Stealth
 + Level 5.4 Unarmed Combat


You had 3 spell levels left.
You didn't know any spells.

Dungeon Overview and Level Annotations

Branches:
Dungeon (3/15)

Altars:
Vehumet
Yredelemnul


Innate Abilities, Weirdness & Mutations

You reflexively headbutt those who attack you in melee.
You have a pair of horns on your head.


Message History

Your headbutt misses the killer bee zombie.
The killer bee zombie hits you.
* * * LOW HITPOINT WARNING * * *
You punch the killer bee zombie!
You destroy the killer bee zombie!
Your Dodging skill increases to level 4!
Found a scroll labeled KUOCIGROEMYO.
An orc comes into view.
An ogre comes into view. It is wielding a giant club.
The ogre shouts!
An orc comes into view.
Found a scroll labeled LIDENE HAIR.
A giant newt comes into view.
You see here a scroll labeled KUOCIGROEMYO.
t - a scroll labeled KUOCIGROEMYO An ooze and a centaur come into view.
The centaur shouts!
The ooze quivers.
The centaur wields a shortbow.
The centaur shoots an arrow.
The arrow hits you!
You die...

#.....###.......
#....<..#......##c..
#....#..........#...
#...............#..
#...###.........#..
#...............#.# .
#..#.#...#<....# .# ...
#..#.......#.####.#..##.
....##.....o.O..@.l.....
... ###...#.####.#.?.#.
... #..##.# .# .# #
#..##O# .# ....##.# J#
##...##.# .# ..#....# .#
o........ ..


You could see an ogre, a centaur, an ooze, an orc and a giant newt.

Vanquished Creatures
  A killer bee zombie (D:3)
  2 adders (D:2)
  3 worms (D:2)
  2 giant geckos
  4 orcs (D:3)
  A ball python (D:1)
  4 giant cockroaches
  5 goblins
  A hobgoblin (D:2)
  5 kobolds
  4 bats
  2 giant newts
  3 rats
37 creatures vanquished.

Notes
Turn   | Place    | Note
--------------------------------------------------------------
     0 | D:1      | Proxyma the Minotaur Monk began the quest for the Orb.
     0 | D:1      | Reached XP level 1. HP: 19/19 MP: 0/0
   523 | D:1      | Reached XP level 2. HP: 27/27 MP: 1/1
  1289 | D:2      | Reached skill level 5 in Unarmed Combat
  1320 | D:2      | Reached XP level 3. HP: 26/33 MP: 2/2
  1587 | D:2      | Found a basalt altar of Yredelemnul.
  1914 | D:2      | Found a radiant altar of Vehumet.
  2090 | D:3      | Reached skill level 1 in Armour
  2131 | D:3      | Reached XP level 4. HP: 17/40 MP: 3/3
  2173 | D:3      | Noticed an ogre
  2179 | D:3      | Noticed a centaur
  2179 | D:3      | Shot with an arrow by a centaur

Vault maps used:
D:1:      dpeg_arrival_yet_another_circle, serial_park_tiny_1
D:2:      vehumet_crystals, lemuel_coloured_pillars_altar, first_bread,
          serial_park_tiny_pond, hangedman_decor_riveting
D:3:      nicolae_overflow_hidden_temple, lemuel_crystal_altar,
          hangedman_decor_opposing, st_stairs_10

Skill      XL: |  1  2  3  4 |
---------------+-------------+-----
Unarmed Combat | 5 |  5.4
Fighting       | 4 |  4.1
Armour         | 1 |  1.3
Dodging        | 4 |  4.0
Stealth        | |  1.6

Action                   |  1- 3 |  4- 6 || total
-------------------------+-------+-------++-------
Melee: Unarmed           |   111 |     4 ||   115
  Use: Scroll            |     2 |       ||     2
 Stab: Sleeping          |     1 |       ||     1
  Eat: Bread ration      |     1 |       ||     1
       Pizza             |       |     1 ||     1
